Map: Orbital Shipyard

Players

Sheets - Winner!

  • Race: Zerg Zerg
  • League: Gold

TaylorJay

  • Race: Protoss Protoss
  • League: Gold

VOD

Have the link to the VOD?

Description

Time

  • Played on: Jan. 20, 2016, 11:06 p.m.
  • Length: 22:49
Show
View Real Time Build Order
Export as new Build Order

Sheets Zerg - Winner!

Build Orders: Hatch First, Lurkers 

Get SALT Encoding   

  12  0:01  Drone  
  13  0:12  Overlord  
  13  0:18  Drone  
  14  0:31  Drone x2  
  14  0:35  Drone  
  17  0:55  Drone  
  18  0:57  Hatchery  
  17  1:12  Drone, Spawning Pool  
  17  1:15  Drone  
  18  1:38  Hatchery  
  17  1:40  Drone  
  17  1:44  Extractor  
  17  1:46  Overlord  
  17  1:53  Drone x2  
  19  2:02  Queen  
  21  2:20  Queen  
  23  2:24  Drone x3  
  26  2:31  Overlord  
  26  2:41  Queen  
  28  2:48  Zergling x4  
  30  2:59  Queen  
  32  3:06  Metabolic Boost  
  32  3:17  Queen  
  34  3:26  Drone  
  35  3:27  Drone x3  
  35  3:30  Extractor  
  37  3:35  Drone x2  
  37  3:40  Overlord  
  39  3:52  Drone  
  39  3:53  Drone x3  
  43  3:56  Drone  
  43  3:57  Drone  
  45  4:10  Drone  
  45  4:11  Drone x5  
  51  4:28  Evolution Chamber  
  51  4:30  Evolution Chamber  
  51  4:31  Evolution Chamber  
  48  4:32  Drone  
  48  4:33  Drone x4  
  48  4:35  Overlord  
  53  4:42  Drone x3  
  53  4:43  Drone  
  57  4:45  Extractor  
  56  5:00  Extractor  
  56  5:01  Drone x3  
  56  5:02  Overlord x2  
  56  5:03  Overlord  
  56  5:05  Pneumatized Carapace  
  58  5:09  Lair  
  58  5:18  Roach Warren, Zerg Melee Weapons Level 1  
  58  5:20  Zerg Missile Weapons Level 1  
  57  5:25  Zerg Ground Armor Level 1  
  57  5:36  Drone x2  
  57  5:40  Drone  
  57  5:41  Drone x7  
  67  6:00  Extractor  
  67  6:02  Extractor  
  65  6:13  Hydralisk Den  
  65  6:17  Drone x3, Spire  
  65  6:18  Drone x3  
  69  6:19  Drone x12  
  81  6:38  Overseer  
  81  6:39  Overseer x2  
  81  6:41  Overseer  
  81  6:44  Lurker Den  
  81  6:49  Glial Reconstitution  
  81  6:51  Hydralisk  
  81  6:52  Hydralisk x3  
  89  6:58  Overlord x6  
  88  7:32  Zerg Missile Weapons Level 2  
  88  7:33  Zerg Melee Weapons Level 2  
  88  7:34  Zerg Ground Armor Level 2  
  88  7:37  Zerg Flyer Weapons Level 1  
  88  7:38  Hydralisk x5  
  88  7:39  Hydralisk  
  100  8:02  Hatchery  
  100  8:04  Extractor x2  
  97  8:12  Muscular Augments  
  97  8:13  Hydralisk x6  
  97  8:14  Infestation Pit  
  97  8:19  Lurker  
  109  8:28  Drone x3  
  109  8:29  Drone x3  
  109  8:30  Overlord x2  
  109  8:31  Overlord x3  
  115  9:08  Lurker  
  115  9:09  Lurker x7  
  123  9:16  Lurker  
  124  9:24  Queen  
  124  9:27  Drone x3  
  124  9:28  Drone x8  
  124  9:29  Drone  
  138  9:37  Lurker  
  138  9:38  Lurker x3  
  128  10:09  Corruptor x4  
  128  10:10  Corruptor x2  
  140  10:20  Drone  
  140  10:21  Drone x2  
  145  10:22  Drone  
  145  10:27  Zerg Flyer Weapons Level 2  
  146  10:35  Hive  
  144  10:37  Queen  
  146  11:43  Corruptor x5  
  144  12:26  Corruptor x3  
  144  12:27  Corruptor x2  
  152  12:41  Extractor  
  145  13:20  Roach  
  145  13:21  Roach x5  
  157  13:35  Hatchery  
  156  13:43  Queen  
  158  13:55  Lair  
  158  13:59  Lair  
  158  14:02  Hydralisk  
  158  14:03  Hydralisk x5  
  158  14:06  Overlord  
  158  14:07  Overlord x4  
  158  14:46  Hatchery  
  158  14:51  Extractor  
  158  14:52  Hatchery, Overseer x7  
  155  14:53  Extractor  
  154  15:03  Zerg Flyer Armor Level 1  
  154  15:07  Hive  
  154  15:12  Lurker x6  
  157  16:05  Hive  
  157  16:40  Spine Crawler  
  157  16:41  Spine Crawler  
  157  16:43  Spine Crawler  
  157  16:44  Spine Crawler  
  149  17:24  Queen  
  149  17:28  Extractor  
  150  17:33  Extractor  
  124  17:51  Hydralisk  
  124  17:52  Hydralisk x24  
  124  17:53  Hydralisk x7  
  124  17:57  Zerg Melee Weapons Level 3  
  124  17:58  Zerg Missile Weapons Level 3  
  188  17:59  Zerg Ground Armor Level 3  
  188  18:00  Greater Spire  
  188  18:05  Overlord  
  188  18:06  Overlord x2  
  145  18:29  Zergling x22  
  145  18:30  Zergling x46  
  135  19:33  Queen  
  135  19:34  Extractor  
  148  19:39  Brood Lord x15  
  148  19:40  Brood Lord  
  168  19:49  Hatchery  
  168  19:52  Zerg Flyer Armor Level 2  
  167  19:54  Corruptor x2  
  167  19:55  Corruptor x5  
  181  20:33  Overseer  
  181  20:34  Overseer x2  
  143  20:55  Hydralisk x2  
  143  20:56  Hydralisk x23  
  189  21:03  Zergling x20  
  189  21:04  Zergling x8  
  192  21:13  Adrenal Glands  
  192  21:33  Hatchery  
  192  21:35  Drone x9  
  200  21:56  Extractor  
  199  22:08  Lurker  
Show
View Real Time Build Order
Export as new Build Order

TaylorJay Protoss 

Build Orders: Nexus First 

Get SALT Encoding   

  12  0:01  Probe (Chrono Boost)  
  13  0:11  Probe (Chrono Boost)  
  14  0:19  Pylon  
  14  0:22  Probe (Chrono Boost)  
  15  0:37  Probe (Chrono Boost)  
  16  0:48  Probe (Chrono Boost)  
  17  0:59  Nexus  
  17  1:12  Probe (Chrono Boost)  
  17  1:14  Gateway  
  18  1:23  Probe (Chrono Boost)  
  19  1:25  Assimilator  
  19  1:33  Probe (Chrono Boost)  
  20  1:44  Probe (Chrono Boost)  
  21  1:50  Pylon  
  21  2:04  Cybernetics Core  
  21  2:09  Gateway  
  21  2:12  Probe x2 (Chrono Boost)  
  23  2:15  Assimilator  
  23  2:22  Probe x2 (Chrono Boost)  
  25  2:33  Probe x2 (Chrono Boost)  
  27  2:46  Probe x2 (Chrono Boost)  
  29  2:53  Pylon  
  29  2:56  Probe (Chrono Boost), Adept (Chrono Boost), Warp Gate  
  32  3:01  Adept (Chrono Boost)  
  33  3:07  Mothership Core, Probe  
  36  3:19  Probe (Chrono Boost)  
  37  3:29  Probe (Chrono Boost)  
  37  3:31  Probe (Chrono Boost)  
  39  3:37  Stalker  
  39  3:40  Probe (Chrono Boost)  
  42  3:42  Probe (Chrono Boost)  
  42  3:44  Assimilator  
  43  3:49  Assimilator  
  43  3:51  Probe (Chrono Boost), Pylon  
  43  3:52  Probe (Chrono Boost)  
  43  3:53  Robotics Facility  
  45  4:01  Probe (Chrono Boost)  
  46  4:03  Probe (Chrono Boost)  
  46  4:07  Stalker  
  49  4:14  Nexus  
  49  4:16  Pylon  
  49  4:23  Probe x2 (Chrono Boost)  
  51  4:33  Probe x2 (Chrono Boost)  
  51  4:34  Pylon  
  53  4:40  Forge  
  53  4:41  Observer  
  53  4:42  Gateway  
  53  4:44  Probe (Chrono Boost)  
  55  4:48  Probe (Chrono Boost)  
  56  4:54  Probe (Chrono Boost)  
  57  5:02  Warp Prism  
  57  5:05  Probe x2 (Chrono Boost), Pylon  
  61  5:07  Pylon  
  61  5:14  Pylon  
  61  5:15  Probe (Chrono Boost)  
  61  5:17  Gateway  
  61  5:18  Probe (Chrono Boost)  
  63  5:22  Sentry  
  63  5:23  Adept  
  63  5:26  Probe (Chrono Boost)  
  63  5:27  Probe (Chrono Boost)  
  69  5:29  Probe (Chrono Boost)  
  70  5:37  Probe (Chrono Boost)  
  70  5:38  Probe (Chrono Boost)  
  70  5:39  Probe (Chrono Boost)  
  73  5:50  Probe (Chrono Boost), Adept x2  
  73  5:54  Probe x2 (Chrono Boost)  
  80  6:00  Probe (Chrono Boost)  
  80  6:03  Immortal  
  85  6:14  Probe x2 (Chrono Boost)  
  85  6:15  Probe (Chrono Boost)  
  88  6:24  Twilight Council  
  88  6:27  Probe x3 (Chrono Boost), Gateway  
  88  6:29  Stalker x2, Gateway  
  95  6:36  Assimilator  
  95  6:37  Probe (Chrono Boost)  
  95  6:38  Probe (Chrono Boost)  
  97  6:41  Assimilator  
  97  6:42  Immortal  
  97  6:46  Pylon  
  101  6:48  Gateway  
  101  6:51  Gateway  
  101  6:52  Gateway  
  101  6:53  Stalker  
  101  6:54  Stalker  
  105  6:55  Gateway  
  105  7:15  Dark Shrine  
  105  7:18  Adept x2  
  105  7:19  Adept x2  
  105  7:20  Immortal (Chrono Boost)  
  116  7:25  Stalker x2  
  120  7:31  Robotics Bay  
  120  7:39  Adept  
  120  7:40  Pylon  
  120  7:41  Pylon  
  122  7:45  Protoss Ground Weapons Level 1 (Chrono Boost)  
  122  7:46  Pylon  
  122  7:47  Pylon  
  122  7:49  Stalker  
  124  7:56  Observer  
  124  7:59  Probe  
  124  8:00  Probe x2  
  128  8:09  Stalker  
  128  8:10  Stalker x5  
  128  8:11  Stalker x2  
  128  8:12  Probe  
  145  8:20  Disruptor, Charge  
  145  8:21  Probe  
  145  8:23  Probe  
  150  8:31  Robotics Facility  
  150  8:32  Probe  
  151  8:43  Adept x3  
  157  8:59  Pylon  
  157  9:01  Pylon  
  157  9:05  Pylon  
  157  9:12  Disruptor  
  157  9:15  Probe  
  157  9:17  Probe x2, Pylon  
  157  9:19  Pylon  
  157  9:21  Pylon  
  157  9:23  Pylon  
  163  9:26  Protoss Ground Armor Level 1 (Chrono Boost)  
  163  9:40  Dark Templar x5  
  163  9:43  Disruptor  
  173  9:45  Adept x2  
  173  9:46  Adept x2  
  184  9:53  Adept  
  166  10:14  Probe, Disruptor  
  166  10:15  Probe  
  166  10:16  Probe  
  172  10:27  Nexus  
  172  10:29  Stalker x4, Pylon  
  172  10:30  Stalker x2  
  172  10:31  Pylon  
  172  10:34  Pylon  
  184  10:37  Assimilator  
  184  10:41  Disruptor  
  187  10:43  Assimilator  
  187  10:52  Stalker x2  
  187  10:53  Stalker x2  
  187  10:55  Zealot x2  
  199  11:54  Probe  
  189  12:38  Disruptor  
  189  12:43  Disruptor  
  195  12:46  Probe  
  196  12:54  Dark Templar x2  
  196  13:27  Probe x2  
  196  13:45  Nexus  
  196  13:46  Pylon  
  196  13:49  Pylon  
  196  13:51  Assimilator  
  196  13:57  Assimilator  
  196  14:00  Observer  
  196  14:03  Observer  
  196  14:07  Probe x2  
  198  14:47  Protoss Ground Weapons Level 2 (Chrono Boost)  
  198  14:52  Stalker  
  192  15:28  Disruptor  
  196  15:44  Observer  
  194  15:58  Dark Templar  
  196  16:06  Observer  
  197  16:14  Dark Templar  
  195  16:27  Disruptor  
  195  16:32  Disruptor  
  199  16:45  Protoss Ground Armor Level 2 (Chrono Boost)  
  197  16:54  Probe x2  
  199  17:04  Nexus  
  199  17:05  Pylon  
  199  17:08  Pylon  
  199  17:12  Assimilator  
  197  17:17  Assimilator  
  197  17:19  Dark Templar  
  199  17:26  Observer  
  185  18:30  Stalker x2  
  185  18:31  Stalker x5  
  199  18:34  Protoss Ground Weapons Level 3 (Chrono Boost)  
  183  18:57  Adept x6  
  183  18:58  Adept x4  
  145  19:16  Disruptor  
  141  19:18  Resonating Glaives (Chrono Boost)  
  141  19:19  Adept x6  
  141  19:20  Adept x3  
  141  19:21  Disruptor (Chrono Boost)  
  165  19:39  Dark Templar  
  165  19:44  Adept x2  
  165  19:45  Adept x5  
  177  19:46  Adept x2  
  177  19:52  Disruptor (Chrono Boost)  
  185  19:57  Disruptor (Chrono Boost)  
  191  20:07  Adept x2  
  195  20:21  Adept x2  
  175  21:03  Stargate  
  172  21:05  Stargate  
  172  21:07  Stargate x2  
  152  21:25  Stalker x6  
  127  21:26  Stalker x4  
  121  21:49  Void Ray x3 (Chrono Boost)  
  121  21:50  Void Ray (Chrono Boost)  
  137  21:57  Stalker x6  
  137  21:58  Stalker x4  
  130  22:28  Stalker x2  
  130  22:29  Stalker x3  
  146  22:30  Stalker x5  
Tags
 
Add a new tag
Caveats
  • Supply blocks, unpowered buildings, or Contaminate may cause inaccurate times.
  • Supply counts are checked every 10 seconds.